 Dungeon Crawl Stone Soup version 0.25-a0-940-gc6eaff51cc (webtiles) character file.

Game seed: 11727570073551168013, levelgen mode: deterministic

0 Esekla the Skirmisher (level 1, -6/11 HPs)
             Began as a Vine Stalker Abyssal Knight on May 5, 2020.
             Was a Follower of Lugonu.
             Mangled by an ancient zyme (12 damage)
             ... on level 1 of the Abyss.
             The game lasted 00:01:17 (121 turns).

Esekla the Skirmisher (Vine Stalker Abyssal Knight)  Turns: 121, Time: 00:01:17

Health: -6/11      AC:  3    Str: 14    XL:     1   Next: 0%
Magic:  0/3        EV: 11    Int: 12    God:    Lugonu [*.....]
Gold:   0          SH:  0    Dex: 13    Spells: 0/0 levels left

rFire    . . .     SeeInvis .   a - +1 falchion
rCold    . . .     Gourm    .   (no shield)
rNeg     . . .     Faith    .   b - +0 leather armour
rPois    .         Spirit   +   (no helmet)
rElec    .         Reflect  .   (no cloak)
rCorr    .         Harm     .   (no gloves)
MR       .....                  (no boots)
Stlth    +.........             (no amulet)
HPRegen  0.03/turn              (no ring)
MPRegen  0.08/turn              (no ring)

@: no status effects
A: fangs 2, magic shield, antimagic bite, no potion heal 3, rot immunity
a: Depart the Abyss, Renounce Religion


You were on level 1 of the Abyss.
You worshipped Lugonu.
Lugonu was aware of your devotion.
You were not hungry.

You visited 0 branches of the dungeon, and saw 0 of its levels.
You visited the Abyss 1 time.

Inventory:

Hand Weapons
 a - a +1 falchion (weapon)
Armour
 b - a +0 leather armour (worn)
Comestibles
 c - 2 rations


   Skills:
 * Level 2.6 Fighting
 * Level 1.7 Long Blades
 - Level 1.5 Armour
 + Level 0.7 Dodging
 + Level 1.7 Invocations


You couldn't memorise any spells.
You didn't know any spells.
Your spell library was empty.

Dungeon Overview and Level Annotations

Branches:
Dungeon (0/15)

Altars:


Innate Abilities, Weirdness & Mutations

You have extremely sharp teeth.
When hurt, damage is shared between your health and your magic reserves.
Your bite disrupts and absorbs the magic of your enemies.
Potions cannot restore your health.
You are immune to rotting.


Message History

The starspawn tentacle closely misses you.
You riposte.
You hit the starspawn tentacle but do no damage.
The starspawn tentacle grabs you. The starspawn tentacle constricts you.
You escape the starspawn tentacle's grasp.
A hellwing comes into view.
The hellwing gives a chilling moan.
A tentacle flies out from the starspawn's body!
A starspawn tentacle comes into view.
A tentacled starspawn comes into view.
Tentacles burst from the starspawn's body! 2 starspawn tentacles come into view.
A starspawn tentacle comes into view.
Tentacles burst from the starspawn's body! 2 starspawn tentacles come into view.
An ufetubus comes into view.
An ancient zyme comes into view.
The ancient zyme hits you. The ancient zyme hits you!
Ouch! That really hurt!
You die...

..... ..... #
.#...# #.#
#.....##..#
.#......#.
.........#
#....x..# #### #
#@###...##### .#
#.#..#.#..#.#.#.
##.##.##.#...#.
# ##........# .
. #
##.#X#.#.###..5
###.##...# ..#..
#......##. ....
##..#...##..##
##..##....#


You could see an ancient zyme.

Vanquished Creatures (others)
  10 starspawn tentacles (Abyss:1)
10 creatures vanquished.

Notes
Turn   | Place    | Note
-------+----------+-------------------------------------------
     0 | Abyss:1  | Esekla the Vine Stalker Abyssal Knight began the quest for
                  | the Orb.
     0 | Abyss:1  | Reached XP level 1. HP: 11/11 MP: 3/3
    67 | Abyss:1  | Noticed a tentacled starspawn
    67 | Abyss:1  | Noticed an ice dragon simulacrum
    67 | Abyss:1  | Noticed a small abomination
    75 | Abyss:1  | Noticed a hellwing
    92 | Abyss:1  | Noticed a tentacled starspawn
   119 | Abyss:1  | Noticed an ancient zyme
   121 | Abyss:1  | Mangled by an ancient zyme

Levels and vault maps discovered:
Abyss:1

Action                   || total
-------------------------++-------
Dodge: Dodged            ||     3
       Rpst.: Falchion   ||     2

Table legend:
 A = Non-vault XP
 B = Vault XP
 C = Vault XP percentage of total XP
 D = Non-vault monster count
 E = Vault monster count
 F = Vault count percentage of total count
                 A         B        C        D         E       F
            +---------+---------+-------+---------+---------+-------
      Total |       0 |       0 |   N/A |       0 |       0 |  -nan
            +---------+---------+-------+---------+---------+-------
            +---------+---------+-------+---------+---------+-------
